 Dungeon Crawl Stone Soup version 0.26.1-11-gd32895ea62 (webtiles) character file.

Game seed: 15257798038491535367

3348 phalm the Destroyer (level 9, -1/68 HPs)
             Began as a Demonspawn Conjurer on June 20, 2021.
             Was a Follower of Vehumet.
             Killed from afar by an electric eel (7 damage)
             ... with a bolt of electricity
             ... on level 7 of the Dungeon.
             The game lasted 00:17:04 (10410 turns).

phalm the Destroyer (Demonspawn Conjurer)          Turns: 10410, Time: 00:17:05

Health: -1/68      AC:  4    Str:  9    XL:     9   Next: 72%
Magic:  8/17       EV: 12    Int: 22    God:    Vehumet [*.....]
Gold:   364        SH:  0    Dex: 11    Spells: 7/18 levels left

rFire    + + .     SeeInvis .   s - +2 hand axe (freeze)
rCold    + . .     Faith    .   (no shield)
rNeg     . . .     Spirit   .   a - +0 robe
rPois    .         Reflect  .   (no helmet)
rElec    .         Harm     .   (no cloak)
rCorr    .         Rampage  .   (no gloves)
Will     .....                  (no boots)
Stlth    ++........             p - amulet of magic regeneration
HPRegen  0.21/turn              F - ring of protection from fire
MPRegen  0.40/turn              C - ring of protection from cold

@: no status effects
A: talons 2, yellow scales 1, fire resistance 1
a: Renounce Religion


You were on level 7 of the Dungeon.
You worshipped Vehumet.
Vehumet was aware of your devotion.
You visited 2 branches of the dungeon, and saw 8 of its levels.

You collected 364 gold pieces.


Innate Abilities, Weirdness & Mutations

You have razor-sharp toenails.
You are partially covered in yellow scales. (AC +2)
Your flesh is heat resistant. (rF+)


   Skills:
 + Level 5.3 Fighting
 - Level 1.7 Dodging
 - Level 1.7 Stealth
 + Level 5.4 Spellcasting
 * Level 9.0 Conjurations
 * Level 3.0 Hexes
 * Level 6.6 Translocations


You had 7 spell levels left.
You knew the following spells:

 Your Spells              Type           Power        Failure   Level
f - Fulminant Prism       Conj/Hex       16%          8%          4
m - Magic Dart            Conj           100%         1%          1
s - Searing Ray           Conj           90%          1%          2
X - Iskenderun's Mystic   Conj/Tloc      40%          3%          4

Your spell library contained the following spells:

 Spells                   Type           Power        Failure   Level
 Foxfire                  Conj/Fire      100%         1%          1
 Dazzling Flash           Conj/Hex       64%          2%          3

Inventory:

Hand Weapons
 s - a +2 hand axe of freezing (weapon)
   (You took it off an orc on level 3 of the Dungeon)
Missiles
 c - 15 poisoned darts
 d - 171 stones (quivered)
 k - 20 boomerangs
 u - 45 arrows
 y - 23 bolts
 B - 59 sling bullets
 D - 2 throwing nets {=f!f}
Armour
 a - a +0 robe (worn)
Jewellery
 p - an amulet of magic regeneration (around neck)
   (You took it off an orc on level 3 of the Dungeon)
 C - a ring of protection from cold (right hand)
   (You found it on level 4 of the Dungeon)
 F - a ring of protection from fire (left hand)
   (You found it on level 7 of the Dungeon)
Wands
 o - a wand of iceblast (9)
   (You found it on level 3 of the Dungeon)
 z - a wand of acid (5)
   (You found it on level 4 of the Dungeon)
Scrolls
 e - a scroll of teleportation {@r4}
 f - 4 scrolls of fog {unknown}
 g - 3 scrolls of enchant armour
 i - 3 scrolls of amnesia
 q - 3 scrolls of remove curse {@r2}
 r - 3 scrolls of magic mapping {!r}
 t - 2 scrolls of blinking {unknown}
 x - a scroll of fear {unknown}
 A - a scroll of enchant weapon {unknown}
 G - a scroll of acquirement {unknown}
Potions
 b - 6 potions of curing {@q1}
 h - a potion of heal wounds {@q2}
 j - 2 potions of mutation {unknown}
 l - a potion of haste {unknown}
 m - a potion of berserk rage {unknown}
 n - a potion of ambrosia {unknown}
 v - 2 potions of magic {unknown}
 w - a potion of might {unknown}
 E - a potion of attraction {unknown}

Dungeon Overview and Level Annotations

Branches:
Dungeon (7/15)             Temple (1/1) D:6

Altars:
Cheibriados
Dithmenos
Elyvilon
Fedhas
Gozag
Hepliaklqana
Makhleb
Nemelex Xobeh
Okawaru
Qazlal
Ru
Sif Muna
Trog
Uskayaw
Vehumet
Xom
Zin
The Shining One

Annotations:
D:5 unid scroll dig

#....≈≈.. #..≈≈;((. #..≈...#
#..≈..# ##..≈g# #.).≈.## .
##...≈..## .. #..@.≈...##...
############ ##(..≈≈......#
...........###.....≈≈....#
.#...#...#..#...÷...≈....##
...............###..≈..†..# ##...
.#...#..)#....####..≈......##....
.........[)..##...†.≈≈...........
###########.)...)....≈≈≈≈≈≈≈≈≈...
..#.##...#.#.###.##.............


You could see a gnoll sergeant and an electric eel.


Message History

The gnoll shouts!
The gnoll throws a stone.
The stone misses you.
Casting: Magic Dart (safe; 1% risk of failure)
Confirm with . or Enter, or press ? or * to list all spells.
Aiming: Magic Dart (safe; 1% risk of failure)
Press: ? - help, Shift-Dir - straight line, f/p - gnoll
Aim: a gnoll, quivering a stone (severely wounded, 0% to evade)
The magic dart hits the gnoll.
You kill the gnoll!
Vehumet accepts your kill.
The gnoll throws a stone.
The stone barely misses you.
Casting: Magic Dart (safe; 1% risk of failure)
Confirm with . or Enter, or press ? or * to list all spells.
Aiming: Magic Dart (safe; 1% risk of failure)
Press: ? - help, Shift-Dir - straight line, f - gnoll
Aim: a gnoll, wielding a +0 flail (0% to evade)
The magic dart hits the gnoll.
Casting: Magic Dart (safe; 1% risk of failure)
Confirm with . or Enter, or press ? or * to list all spells.
Aiming: Magic Dart (safe; 1% risk of failure)
Press: ? - help, Shift-Dir - straight line, f/p - gnoll
Aim: a gnoll, wielding a +0 flail (moderately wounded, 0% to evade)
The magic dart hits the gnoll.
The gnoll throws a stone.
The stone hits you.
Casting: Magic Dart (safe; 1% risk of failure)
Confirm with . or Enter, or press ? or * to list all spells.
Aiming: Magic Dart (safe; 1% risk of failure)
Press: ? - help, Shift-Dir - straight line, f/p - gnoll
Aim: a gnoll, wielding a +0 flail (severely wounded, 0% to evade)
The magic dart hits the gnoll.
The gnoll throws a stone.
The stone hits you.
Casting: Magic Dart (safe; 1% risk of failure)
Confirm with . or Enter, or press ? or * to list all spells.
Aiming: Magic Dart (safe; 1% risk of failure)
Press: ? - help, Shift-Dir - straight line, f/p - gnoll
Aim: a gnoll, wielding a +0 flail (almost dead, 0% to evade)
The magic dart hits the gnoll.
The gnoll throws a stone.
The stone barely misses you.
Casting: Magic Dart (safe; 1% risk of failure)
Confirm with . or Enter, or press ? or * to list all spells.
Aiming: Magic Dart (safe; 1% risk of failure)
Press: ? - help, Shift-Dir - straight line, f/p - gnoll
Aim: a gnoll, wielding a +0 flail (almost dead, 0% to evade)
The magic dart hits the gnoll.
You kill the gnoll!
Vehumet accepts your kill.
The electric eel shoots out a bolt of lightning at you!
The bolt of electricity hits you!
The gnoll throws a stone.
The stone hits you.
Casting: Magic Dart (safe; 1% risk of failure)
Confirm with . or Enter, or press ? or * to list all spells.
Aiming: Magic Dart (safe; 1% risk of failure)
Press: ? - help, Shift-Dir - straight line, f - gnoll
Aim: a gnoll, quivering 5 stones (0% to evade)
The magic dart hits the gnoll but does no damage.
The electric eel shoots out a bolt of lightning at you!
The bolt of electricity misses you.
The gnoll throws a stone.
The stone hits you.
Casting: Magic Dart (safe; 1% risk of failure)
Confirm with . or Enter, or press ? or * to list all spells.
Aiming: Magic Dart (safe; 1% risk of failure)
Press: ? - help, Shift-Dir - straight line, f/p - gnoll
Aim: a gnoll, quivering 4 stones (0% to evade)
The magic dart hits the gnoll but does no damage.
The gnoll sergeant shouts!
The electric eel shoots out a bolt of lightning at you!
The bolt of electricity hits you!
Casting: Magic Dart (safe; 1% risk of failure)
Confirm with . or Enter, or press ? or * to list all spells.
Aiming: Magic Dart (safe; 1% risk of failure)
Press: ? - help, Shift-Dir - straight line, f/p - gnoll
Aim: a gnoll, quivering 4 stones (0% to evade)
The magic dart hits the gnoll.
The gnoll throws a stone.
The stone hits you.
* * * LOW HITPOINT WARNING * * *
Casting: Magic Dart (safe; 1% risk of failure)
Confirm with . or Enter, or press ? or * to list all spells.
Aiming: Magic Dart (safe; 1% risk of failure)
Press: ? - help, Shift-Dir - straight line, f/p - gnoll
Aim: a gnoll, quivering 3 stones (moderately wounded, 0% to evade)
The magic dart hits the gnoll.
The electric eel shoots out a bolt of lightning at you!
The bolt of electricity hits you!
* * * LOW HITPOINT WARNING * * *
Casting: Magic Dart (safe; 1% risk of failure)
Confirm with . or Enter, or press ? or * to list all spells.
Aiming: Magic Dart (safe; 1% risk of failure)
Press: ? - help, Shift-Dir - straight line, f/p - gnoll
Aim: a gnoll, quivering 3 stones (heavily wounded, 0% to evade)
The magic dart hits the gnoll!
You kill the gnoll!
Vehumet accepts your kill.
The electric eel shoots out a bolt of lightning at you!
The bolt of electricity hits you!
* * * LOW HITPOINT WARNING * * *
Casting: Magic Dart (safe; 1% risk of failure)
Confirm with . or Enter, or press ? or * to list all spells.
Aiming: Magic Dart (safe; 1% risk of failure)
Press: ? - help, Shift-Dir - straight line, f - gnoll sergeant
Aim: a gnoll sergeant, wielding a +0 quarterstaff and wearing a +0 ring mail (0% to evade)
The magic dart hits the gnoll sergeant but does no damage.
The electric eel shoots out a bolt of lightning at you!
The bolt of electricity hits you!
You die...

Skill      XL: |  1  2  3  4  5  6  7  8  9 |
---------------+----------------------------+-----
Fighting       | 1 2 3 4 5 |  5.3
Conjurations   | 5 6 7 8 9 |  9.0
Translocations | 1 2 3 4 5 6 |  6.6
Spellcasting   | 3 4 5 |  5.4
Hexes          | 3 |  3.0
Dodging        | |  1.7
Stealth        | |  1.7

Action                   |  1- 3 |  4- 6 |  7- 9 || total
-------------------------+-------+-------+-------++-------
Melee: Mace              |    13 |     8 |       ||    21
       Kick              |       |     5 |     2 ||     7
       Hand axe          |       |    12 |    18 ||    30
Throw: Stone             |     1 |    17 |       ||    18
 Cast: Magic Dart        |    48 |   121 |   308 ||   477
       Searing Ray       |       |    11 |    30 ||    41
       Iskenderun's Myst |       |       |     3 ||     3
Evoke: Wand              |       |     1 |       ||     1
  Use: Scroll            |       |       |    10 ||    10
 Stab: Sleeping          |       |     1 |       ||     1
Armor: Robe              |       |     2 |    15 ||    17
Dodge: Dodged            |    16 |    16 |    70 ||   102

Levels and vault maps discovered:
D:1:      dpeg_arrival_concentric_ovals, layout_loops_corners
D:2:      layout_loops_corners, lemuel_doored_altar,
          chequers_serial_rivers_room_b
D:3:      layout_loops_corners, dk_noncrumbling_4, minmay_surrounded
D:4:      layout_cave_pods, kb_xom_exploding_sheep, bloody_makhleb, uniq_pikel,
          uniq_blork_the_orc
D:5:      layout_loops_ring, dancing_weapons_uskayaw, zin_scriptorium,
          lemuel_round_altar
D:6:      layout_loops_ring, overflow_temple_1_default,
          minmay_temple_entry_junction, uniq_menkaure, uniq_prince_ribbit1
D:7:      layout_cave_pools, kennysheep_little_box,
          lemuel_coloured_pillars_altar, serial_gnoll_camp, gnoll_camp_mini_hut,
          gnoll_camp_medium_02, gnoll_camp_mini_house, gnoll_camp_huts_moat,
          gnoll_camp_medium_01, gnoll_camp_mini_hut, uniq_duvessa
Temple:   jpeg_temple_island

Notes
Turn   | Place    | Note
-------+----------+-------------------------------------------
     0 | D:1      | phalm the Demonspawn Conjurer began the quest for the Orb.
     0 | D:1      | Reached XP level 1. HP: 13/13 MP: 3/3
     0 | D:1      | magus.rc [v1.9.10]
   253 | D:1      | HP: 3/14 [jackal (3)]
   535 | D:1      | Gained mutation: You have sharp toenails. [demonic
                  | ancestry]
   535 | D:1      | Reached XP level 2. HP: 13/20 MP: 0/5
   538 | D:1      | Learned a level 2 spell: Searing Ray
  1191 | D:1      | Reached skill level 1 in Fighting
  1623 | D:2      | Reached XP level 3. HP: 26/26 MP: 0/6
  1703 | D:2      | HP: 5/26 [acid (10)]
  1707 | D:2      | Gained mutation: You have razor-sharp toenails. [demonic
                  | ancestry]
  1707 | D:2      | Reached XP level 4. HP: 6/32 MP: 0/7
  1713 | D:2      | HP: 6/32 [quokka (1)]
  1982 | D:2      | Learned a level 4 spell: Iskenderun's Mystic Blast
  2159 | D:2      | Found a hazy altar of Hepliaklqana.
  2166 | D:2      | Reached skill level 5 in Conjurations
  2652 | D:2      | Reached skill level 1 in Translocations
  3391 | D:3      | Reached XP level 5. HP: 38/38 MP: 1/9
  3465 | D:3      | Reached skill level 2 in Fighting
  3690 | D:3      | Reached skill level 3 in Spellcasting
  4172 | D:3      | Reached skill level 2 in Translocations
  4237 | D:3      | Gained mutation: Your flesh is heat resistant. (rF+)
                  | [demonic ancestry]
  4237 | D:3      | Reached XP level 6. HP: 33/44 MP: 5/10
  4653 | D:3      | HP: 11/44 [phantom (6)]
  5064 | D:3      | Reached skill level 6 in Conjurations
  5302 | D:4      | Noticed Blork the orc
  5320 | D:4      | HP: 7/46 [Blork the orc/puff of frost (10)]
  5321 | D:4      | Killed Blork the orc
  5322 | D:4      | Reached skill level 3 in Translocations
  5322 | D:4      | Reached XP level 7. HP: 8/51 MP: 0/12
  5921 | D:4      | You fall into a shaft and drop 3 floors!
  5926 | D:7      | Reached skill level 3 in Fighting
  5971 | D:7      | Found a shimmering blue altar of Sif Muna.
  6037 | D:6      | Noticed Prince Ribbit
  6047 | D:5      | Entered Level 5 of the Dungeon
  6264 | D:5      | Found a snail-covered altar of Cheibriados.
  6529 | D:4      | Found a burning altar of Makhleb.
  6735 | D:4      | Noticed Pikel
  6746 | D:4      | Killed Pikel
  6747 | D:4      | Reached skill level 4 in Spellcasting
  6747 | D:4      | Reached skill level 7 in Conjurations
  6747 | D:4      | Reached skill level 4 in Translocations
  6747 | D:4      | Reached XP level 8. HP: 37/60 MP: 2/14
  6936 | D:4      | Noticed a dream sheep
  6936 | D:4      | Noticed a dream sheep
  6936 | D:4      | Noticed a dream sheep
  6936 | D:4      | Noticed a dream sheep
  6936 | D:4      | Noticed a dream sheep
  6936 | D:4      | Found a shimmering altar of Xom.
  6937 | D:4      | Killed a dream sheep
  6937 | D:4      | Killed a dream sheep
  6937 | D:4      | Killed a dream sheep
  6937 | D:4      | Killed a dream sheep
  6937 | D:4      | Killed a dream sheep
  7013 | D:4      | Reached skill level 4 in Fighting
  7549 | D:5      | Noticed a +0 dagger
  7549 | D:5      | Noticed a +0 hand axe
  7554 | D:5      | Found a hide-covered altar of Uskayaw.
  7744 | D:5      | Found a glowing silver altar of Zin.
  7906 | D:5      | Killed Prince Ribbit
  7907 | D:5      | Reached skill level 5 in Translocations
  8106 | D:6      | Noticed Menkaure
  8368 | D:6      | Reached skill level 8 in Conjurations
  8434 | D:6      | Gained mutation: You are partially covered in yellow
                  | scales. (AC +2) [demonic ancestry]
  8434 | D:6      | Reached XP level 9. HP: 63/66 MP: 12/16
  8695 | D:6      | Found a blossoming altar of Fedhas.
  8705 | D:6      | Killed Menkaure
  8706 | D:6      | Reached skill level 5 in Spellcasting
  8711 | D:6      | Learned a level 4 spell: Fulminant Prism
  8737 | D:6      | Found a staircase to the Ecumenical Temple.
  8751 | D:6      | Reached skill level 6 in Translocations
  8752 | D:6      | You pick up a book of Conjurations and begin reading...
  8755 | Temple   | Entered the Ecumenical Temple
  9035 | Temple   | Became a worshipper of Vehumet
  9565 | D:7      | Reached skill level 1 in Hexes
  9711 | D:7      | Reached * piety under Vehumet
  9711 | D:7      | Offered knowledge of Foxfire by Vehumet.
  9712 | D:7      | Reached skill level 5 in Fighting
  9892 | D:7      | Reached skill level 2 in Hexes
 10042 | D:7      | Noticed Dowan
 10045 | D:7      | Noticed Duvessa
 10052 | D:7      | Killed Duvessa
 10063 | D:7      | Killed Dowan
 10195 | D:7      | Found a sacrificial altar of Ru.
 10316 | D:7      | Reached skill level 3 in Hexes
 10380 | D:7      | Reached skill level 9 in Conjurations
 10408 | D:7      | HP: 16/68 [electric eel/bolt of electricity (17)]
 10409 | D:7      | HP: 6/68 [electric eel/bolt of electricity (10)]
 10410 | D:7      | Killed from afar by an electric eel

Vanquished Creatures
  Pikel (D:4)
  Prince Ribbit (D:5)
  Menkaure (D:6)
  A water moccasin (D:6)
  Duvessa (D:7)
  2 orc warriors (D:7)
  An ice beast (D:5)
  A sky beast (D:6)
  3 phantoms
  3 ogres
  Blork the orc (D:4)
  2 bullfrogs
  A gnoll sergeant (D:7)
  Dowan (D:7)
  A scorpion (D:6)
  An electric eel (D:7)
  3 jellies
  A centaur zombie (D:7)
  2 hounds (D:7)
  A gnoll shaman (D:7)
  3 orc priests
  A centaur skeleton (D:6)
  2 orc wizards (D:3)
  A bullfrog skeleton (D:7)
  2 iguanas
  2 worker ants (D:4)
  A hound zombie (D:6)
  A hound skeleton (D:6)
  15 gnolls
  10 adders
  2 shadow imps
  2 white imps
  2 ufetubi
  2 oozes (D:3)
  An adder skeleton (D:4)
  3 worms
  3 dart slugs
  6 leopard geckos
  26 orcs
  6 bats
  4 giant cockroaches
  8 goblins
  7 hobgoblins
  20 jackals
  2 quokkas
  4 ball pythons
  6 frilled lizards
  A jackal skeleton (D:7)
  A jackal zombie (D:5)
  5 kobolds
  2 quokka zombies (D:6)
  8 rats
188 creatures vanquished.

Vanquished Creatures (others)
  5 dream sheep (D:4)
5 creatures vanquished.

Grand Total: 193 creatures vanquished

Table legend:
 A = Non-vault XP
 B = Vault XP
 C = Vault XP percentage of total XP
 D = Non-vault monster count
 E = Vault monster count
 F = Vault count percentage of total count
                 A         B        C        D         E       F
            +---------+---------+-------+---------+---------+-------
      Total |    2926 |    1858 |  38.8 |     159 |      30 |  15.9
            +---------+---------+-------+---------+---------+-------
        D:1 |      33 |       0 |   0.0 |      20 |       0 |   0.0
        D:2 |     138 |       0 |   0.0 |      22 |       0 |   0.0
        D:3 |     464 |      13 |   2.7 |      26 |       6 |  18.8
        D:4 |     248 |     781 |  75.9 |      21 |       2 |   8.7
        D:5 |     237 |     274 |  53.6 |      16 |       1 |   5.9
        D:6 |     913 |     172 |  15.9 |      27 |       1 |   3.6
        D:7 |     893 |     618 |  40.9 |      27 |      20 |  42.6
            +---------+---------+-------+---------+---------+-------

Illustrated notes

Table legend:
 A = Kills in this place as a percentage of kills in entire the game.
 B = Kills by you in this place as a percentage of kills by you in the entire game.
 C = Kills by friends in this place as a percentage of kills by friends in the entire game.
 D = Other kills in this place as a percentage of other kills in the entire game.
 E = Experience gained in this place as a percentage of experience gained in the entire game.
 F = Experience gained in this place divided by the number of levels of this place that you have seen.
                   A       B       C       D       E      F
               +-------+-------+-------+-------+-------+----------------------
         Total | 100.0 | 100.0 |   N/A | 100.0 | 100.0 | 598.0
       Dungeon | 100.0 | 100.0 |   N/A | 100.0 | 100.0 | 683.4
               +-------+-------+-------+-------+-------+----------------------

Table legend: (Time is in decaauts)
 A = Elapsed time spent in this place.
 B = Non-inter-level travel time spent in this place.
 C = Inter-level travel time spent in this place.
 D = Time resting spent in this place.
 E = Time spent auto-exploring this place.
 F = Levels seen in this place.
 G = Mean time per level.
                   A        B        C        D        E       F      G
               +--------+--------+--------+--------+--------+-----+--------+
         Total |  10474 |  10145 |    329 |      0 |   9029 |   8 | 1309.2 |
       Dungeon |  10122 |   9838 |    284 |      0 |   8724 |   7 | 1446.0 |
        Temple |    351 |    306 |     45 |      0 |    304 |   1 |  351.0 |
               +--------+--------+--------+--------+--------+-----+--------+

Top non-repeatable levels by time:
     D:3: 2114 daAuts
     D:2: 1669 daAuts
     D:1: 1461 daAuts
     D:4: 1455 daAuts
     D:5: 1388 daAuts
     D:6: 1059 daAuts
     D:7: 974 daAuts
  Temple: 351 daAuts
